Map: Backwater LE

Players

Rictor

  • Race: Zerg Zerg
  • Spawn Location: 11:00

Kozzy - Winner!

  • Race: Protoss Protoss
  • League: Platinum
  • Spawn Location: 5:00

VOD

Have the link to the VOD?

Description

The idea is to walk into the enemy base with 2 Immortals and around 10 zealots as fast as possible.

I wall off at the natural to feign a fast expand (he never fully scouts my natural area)

In this replay, the attack hits at ~5:50, but it could definitely be earlier.

Time

  • Played on: April 17, 2018, 7:32 p.m.
  • Length: 8:02
Show
View Real Time Build Order
Export as new Build Order

Rictor Zerg 

Build Orders: 2 Base Muta, Pool First, Zergling Baneling 

Get SALT Encoding   

  12  0:01  Drone  
  13  0:12  Overlord  
  13  0:18  Drone  
  14  0:30  Drone x2  
  16  0:42  Spawning Pool  
  15  0:45  Extractor  
  15  0:48  Drone  
  15  0:51  Drone  
  15  0:56  Drone  
  17  1:09  Overlord  
  17  1:24  Overlord  
  17  1:28  Queen  
  17  1:29  Zergling x2  
  20  1:39  Zergling x2  
  21  1:46  Metabolic Boost  
  21  1:51  Zergling x2  
  22  2:00  Zergling x2  
  23  2:17  Zergling x2  
  23  2:20  Hatchery  
  23  2:25  Zergling x2  
  24  2:38  Zergling x8  
  24  2:43  Lair  
  28  2:47  Zergling x2  
  29  2:55  Extractor  
  28  3:04  Drone  
  29  3:12  Drone x2  
  31  3:14  Drone x2  
  30  3:35  Baneling Nest  
  30  3:36  Drone x2  
  31  3:46  Queen  
  33  3:48  Drone x2  
  33  3:53  Drone  
  36  4:00  Zergling x4  
  38  4:04  Overseer  
  38  4:08  Drone  
  39  4:14  Overlord  
  39  4:19  Drone x2  
  41  4:28  Baneling x2  
  41  4:29  Baneling x2  
  41  4:30  Baneling x2  
  41  4:31  Baneling  
  41  4:32  Baneling  
  41  4:33  Baneling  
  41  4:35  Baneling  
  41  4:36  Baneling  
  41  4:40  Drone x2  
  43  4:54  Overlord x2  
  43  5:04  Spire, Drone  
  43  5:07  Drone x2  
  45  5:19  Evolution Chamber  
  45  5:20  Evolution Chamber  
  37  5:32  Zergling x14  
  44  5:41  Spine Crawler  
  43  5:45  Spine Crawler  
  39  6:07  Zergling x4  
  39  6:08  Zergling x14  
  33  6:20  Mutalisk  
  33  6:21  Mutalisk  
  35  6:35  Mutalisk  
  7  7:14  Mutalisk  
  9  7:36  Drone x2  
  11  7:37  Drone  
  11  7:38  Drone  
Show
View Real Time Build Order
Export as new Build Order

Kozzy Protoss - Winner!

Build Orders: Immortal All-In 

Get SALT Encoding   

  12  0:01  Probe  
  13  0:13  Probe  
  14  0:26  Probe  
  15  0:28  Pylon  
  15  0:46  Probe  
  15  0:47  Gateway  
  16  0:53  Assimilator  
  16  0:55  Probe  
  16  1:03  Probe  
  18  1:12  Forge  
  18  1:13  Probe  
  19  1:20  Pylon  
  19  1:25  Probe  
  20  1:40  Zealot, Cybernetics Core  
  20  1:48  Photon Cannon  
  22  1:57  Probe  
  23  2:05  Zealot  
  25  2:17  Warp Gate  
  25  2:20  Protoss Ground Weapons Level 1  
  25  2:28  Shield Battery  
  25  2:46  Pylon  
  24  3:14  Robotics Facility  
  24  3:16  Gateway  
  24  3:18  Gateway  
  24  3:22  Pylon  
  24  3:23  Zealot  
  26  3:52  Pylon  
  26  3:54  Immortal  
  26  3:55  Pylon  
  30  4:21  Zealot  
  30  4:23  Zealot  
  34  4:24  Zealot  
  36  4:31  Immortal  
  36  4:37  Pylon  
  40  4:42  Zealot  
  42  4:46  Zealot  
  44  5:11  Immortal  
  42  5:33  Zealot x3  
  48  5:50  Immortal  
  48  6:24  Zealot x3  
  54  6:29  Immortal  
  54  6:53  Stalker x2  
  56  6:57  Photon Cannon  
  56  6:59  Shield Battery  
  42  7:28  Stalker x2  
  42  7:32  Assimilator  
  42  7:44  Photon Cannon  
  42  7:48  Pylon  
  42  7:49  Photon Cannon  
  42  7:56  Stalker  
Tags
 
Add a new tag
Caveats
  • Supply blocks, unpowered buildings, or Contaminate may cause inaccurate times.
  • Supply counts are checked every 10 seconds.